 Dungeon Crawl Stone Soup version 0.25-b1-41-g19641232cd (webtiles) character file.

Game seed: 5908865238230610697

38 snowfan the Magician (level 3, -1/24 HPs)
             Began as a Mummy Fire Elementalist on June 8, 2020.
             Slain by a phantom (4 damage)
             ... on level 2 of the Dungeon.
             The game lasted 00:04:04 (1241 turns).

snowfan the Magician (Mummy Fire Elementalist)      Turns: 1241, Time: 00:04:05

Health: -1/24      AC:  2    Str: 11    XL:     3   Next: 25%
Magic:  1/9        EV: 12    Int: 15    God:
Gold:   56         SH:  0    Dex: 12    Spells: 10/11 levels left

rFire    x . .     SeeInvis .   c - +0 club
rCold    + . .     Gourm    .   (no shield)
rNeg     + + +     Faith    .   a - +0 robe
rPois    ∞         Spirit   .   (no helmet)
rElec    .         Reflect  .   (no cloak)
rCorr    .         Harm     .   (no gloves)
MR       .....                  (no boots)
Stlth    ++........             (no amulet)
HPRegen  0.08/turn              (no ring)
MPRegen  0.11/turn              (no ring)

@: no status effects
A: no food or potions, fire vulnerability, cold resistance 1, negative energy
resistance 3, torment resistance, unbreathing
a: no special abilities


You were on level 2 of the Dungeon.
You were not hungry.

You visited 1 branch of the dungeon, and saw 2 of its levels.

You collected 56 gold pieces.

Inventory:

Hand Weapons
 c - a +0 club (weapon)
Missiles
 e - 15 sling bullets
 f - 11 stones (quivered)
Armour
 a - a +0 robe (worn)
Jewellery
 h - an uncursed ring of ice
Scrolls
 b - 2 scrolls of blinking {unknown}
 d - 2 scrolls of identify {unknown}
 g - a scroll of teleportation {unknown}
 i - a scroll of fog {unknown}


   Skills:
 - Level 1.5 Dodging
 - Level 1.5 Stealth
 + Level 4.7 Spellcasting
 - Level 0.7 Conjurations
 - Level 2.4 Fire Magic


You had 10 spell levels left.
You knew the following spells:

 Your Spells              Type           Power        Failure   Level  Hunger
a - Foxfire               Conj/Fire      #...         9%          1    N/A

Your spell library contained the following spells:

 Spells                   Type           Power        Failure   Level  Hunger
 Conjure Flame            Conj/Fire      #.......     26%         3    N/A
 Inner Flame              Hex/Fire       #.......     30%         3    N/A
 Sticky Flame             Conj/Fire      #.......     65%         4    N/A
 Fireball                 Conj/Fire      #.........   94%         5    N/A

Dungeon Overview and Level Annotations

Branches:
Dungeon (2/15)

Altars:


Innate Abilities, Weirdness & Mutations

You do not eat or drink.
Your flesh is vulnerable to fire.
You are immune to poison.
Your flesh is cold resistant. (rC+)
You are immune to negative energy. (rN+++)
You are immune to unholy pain and torment.
You can survive without breathing.


Message History

The foxfire hits the phantom.
The phantom is severely damaged.
The phantom blinks!
A goblin comes into view. It is wielding a +0 club.
The foxfire hits the goblin.
You kill the goblin!
Casting: Foxfire (safe; 9% risk of failure)
Confirm with . or Enter, or press ? or * to list all spells.
You conjure some foxfire!
The phantom blinks!
You hit the phantom but do no damage.
The phantom is severely damaged.
A bat comes into view.
The phantom hits you!
* * * LOW HITPOINT WARNING * * *
The bat moves out of view.
Casting: Foxfire (safe; 9% risk of failure)
Confirm with . or Enter, or press ? or * to list all spells.
You conjure some foxfire!
The phantom hits you.
You die...

..# .# #.# .# #.# !# # #
#####.####.#.#.#
...............#
##.#...#.##.#
##...........#
#.##.....vW..#######
..........v@........#
##.##.........#####.#
##.######.#####§######.#
#.# #...#
#.##.....)§§...< #.#
#...# #.##.##§######.#
#.# #...# #.##.##.#
#.### #...## #.......#
....######....##
######.## #####
......#........##### #.#
#....


You could see a phantom.

Vanquished Creatures
  2 adders (D:2)
  A dart slug (D:1)
  A leopard gecko (D:1)
  2 bats
  5 goblins
  3 hobgoblins (D:1)
  A quokka (D:2)
  A frilled lizard (D:1)
  A kobold (D:1)
17 creatures vanquished.

Vanquished Creatures (collateral kills)
  A goblin (D:2)
1 creature vanquished.

Vanquished Creatures (others)
  58 foxfires
58 creatures vanquished.

Grand Total: 76 creatures vanquished

Notes
Turn   | Place    | Note
-------+----------+-------------------------------------------
     0 | D:1      | snowfan the Mummy Fire Elementalist began the quest for the
                  | Orb.
     0 | D:1      | Reached XP level 1. HP: 13/13 MP: 4/4
   126 | D:1      | Reached skill level 3 in Spellcasting
   497 | D:1      | Reached XP level 2. HP: 19/19 MP: 3/6
   922 | D:2      | Reached skill level 4 in Spellcasting
  1028 | D:2      | Reached XP level 3. HP: 21/24 MP: 5/9
  1186 | D:2      | Noticed a phantom
  1241 | D:2      | Slain by a phantom

Illustrated notes

Levels and vault maps discovered:
D:1:      sevenhm_arrival_forest_fort_small_4, layout_loops_ring
D:2:      layout_loops_cross, st_stairs_14, xom_redecorated, uniq_jessica

Skill      XL: |  1  2 |
---------------+-------+-----
Spellcasting   | 3 4 |  4.7
Dodging        | |  1.5
Stealth        | |  1.5
Conjurations   | |  0.7
Fire Magic     | |  2.4

Action                   || total
-------------------------++-------
Melee: Club              ||    13
 Cast: Foxfire           ||    46
Armor: Robe              ||     5
Dodge: Dodged            ||     8
